 Dungeon Crawl Stone Soup version 0.25.0-1-g7eea58d (webtiles) character file.

Game seed: 1927658143444088378

11 BakedSpriggan the Skirmisher (level 2, 0/19 HPs)
             Began as a Kobold Abyssal Knight on June 18, 2020.
             Was an Initiate of Lugonu.
             Slain by a leopard gecko (5 damage)
             ... on level 1 of the Dungeon.
             The game lasted 00:04:53 (789 turns).

BakedSpriggan the Skirmisher (Kobold Abyssal Knight) Turns: 789, Time: 00:04:54

Health: 0/19       AC:  3    Str:  9    XL:     2   Next: 35%
Magic:  3/3        EV: 14    Int: 13    God:    Lugonu [......]
Gold:   0          SH:  0    Dex: 14    Spells: 1/1 levels left

rFire    . . .     SeeInvis .   a - +1 short sword
rCold    . . .     Gourm    .   (shield restricted)
rNeg     . . .     Faith    .   b - +0 leather armour
rPois    .         Spirit   .   (no helmet)
rElec    .         Reflect  .   (no cloak)
rCorr    .         Harm     .   (no gloves)
MR       .....                  (no boots)
Stlth    +.........             (no amulet)
HPRegen  0.06/turn              (no ring)
MPRegen  0.08/turn              (no ring)

@: no status effects
A: small, carnivore
a: Renounce Religion


You were on level 1 of the Dungeon.
You worshipped Lugonu.
Lugonu was noncommittal.
You were not hungry.

You visited 1 branch of the dungeon, and saw 1 of its levels.
You visited the Abyss 1 time.

Inventory:

Hand Weapons
 a - a +1 short sword (weapon)
 j - a +0 spear
 k - a +0 hunting sling
Missiles
 e - 18 bolts
 f - 6 stones (quivered)
Armour
 b - a +0 leather armour (worn)
Jewellery
 h - a cursed -4 ring of evasion {unknown}
 n - an uncursed amulet of the acrobat {unknown}
Wands
 g - a wand of acid (7)
Scrolls
 i - a scroll of fog {unknown}
 l - a scroll of amnesia {unknown}
 m - a scroll of teleportation {unknown}
Potions
 d - a potion of haste {unknown}
Comestibles
 c - a ration


   Skills:
 + Level 3.4 Fighting
 + Level 3.0 Short Blades
 - Level 0.7 Armour
 + Level 2.6 Dodging
 + Level 1.0 Stealth
 + Level 2.2 Invocations


You had one spell level left.
You didn't know any spells.
Your spell library was empty.

Dungeon Overview and Level Annotations

Branches:
Dungeon (1/15)

Altars:


Innate Abilities, Weirdness & Mutations

You are small and have problems with some larger weapons.
You are carnivorous and can eat meat at any time.


Message History

You hit the leopard gecko.
The leopard gecko is severely wounded.
The leopard gecko bites you.
* * * LOW HITPOINT WARNING * * *
You miss the leopard gecko.
The leopard gecko is severely wounded.
The leopard gecko misses you.
You hit the leopard gecko.
The leopard gecko is almost dead.
The leopard gecko closely misses you.
You closely miss the leopard gecko.
The leopard gecko is almost dead.
The leopard gecko closely misses you.
You closely miss the leopard gecko.
The leopard gecko is almost dead.
The leopard gecko misses you.
You closely miss the leopard gecko.
The leopard gecko is almost dead.
The leopard gecko bites you.
You die...

...( #######(.((
........# #####....#.##
.#########.....(#(...##
................(......
####.†.K#####(###.##
##l#######......#
##..@#...#..#.####
##.............# #
###...........#### #
#.............# #
#.#...........# #
...##.........## # ##
##.#.#.#.####### #
#..............######
##.#.#.#.#####.......


You could see a leopard gecko.

Vanquished Creatures
  A dart slug (D:1)
  A leopard gecko (D:1)
  A goblin (D:1)
  2 jackals (D:1)
  A bat (D:1)
  2 kobolds (D:1)
8 creatures vanquished.

Notes
Turn   | Place    | Note
-------+----------+-------------------------------------------
     0 | Abyss:1  | BakedSpriggan the Kobold Abyssal Knight began the quest for
                  | the Orb.
     0 | Abyss:1  | Reached XP level 1. HP: 14/14 MP: 2/2
    67 | Abyss:2  | Found a corrupted altar of Lugonu.
   114 | Abyss:2  | Noticed a large abomination
   118 | D:1      | Escaped the Abyss
   674 | D:1      | Reached XP level 2. HP: 18/19 MP: 3/3
   771 | D:1      | Reached skill level 1 in Stealth
   789 | D:1      | Slain by a leopard gecko

Illustrated notes

Levels and vault maps discovered:
D:1:      onia_arrival_mini_maze_b, layout_rooms, chequers_jeans, st_stairs_9

Skill      XL: |  1  2 |
---------------+-------+-----
Stealth        | 1 |  1.0
Short Blades   | 3 |  3.0
Fighting       | |  3.4
Armour         | |  0.7
Dodging        | |  2.6
Invocations    | |  2.2

Action                   || total
-------------------------++-------
Melee: Short sword       ||    29
Throw: Stone             ||    20
Invok: Depart the Abyss  ||     1
  Eat: Chunk             ||     3
Armor: Leather armour    ||     2
Dodge: Dodged            ||    31
